 Dungeon Crawl Stone Soup version 0.26-a0-597-gb535b0901c (webtiles) character file.

Game seed: 11576884248187560536

3770 Superazbuka the Protected (level 9, -4/86 HPs)
             Began as a Deep Dwarf Fighter on Aug 28, 2020.
             Was a Believer of Makhleb.
             Killed from afar by an electric eel (6 damage)
             ... with a bolt of electricity
             ... on level 8 of the Dungeon on Aug 31, 2020.
             The game lasted 00:15:22 (5851 turns).

Superazbuka the Protected (Deep Dwarf Fighter)      Turns: 5851, Time: 00:15:23

Health: -4/86      AC: 10    Str: 23    XL:     9   Next: 94%
Magic:  1/1        EV:  8    Int:  9    God:    Makhleb [**....]
Gold:   445        SH: 11    Dex: 12    Spells: 8/8 levels left

rFire    . . .     SeeInvis .   a - +0 war axe
rCold    . . .     Faith    .   c - +0 kite shield
rNeg     . . .     Spirit   .   b - +0 scale mail
rPois    .         Reflect  .   (no helmet)
rElec    .         Harm     .   w - scarf {repulsion}
rCorr    .                      l - +0 pair of gloves
MR       +....                  o - +0 pair of boots
Stlth    ..........             (no amulet)
HPRegen  0.00/turn              y - ring of flight
MPRegen  0.07/turn              (no ring)

@: non-regenerating, heavily drained, repel missiles
A: damage resistance, heal wounds, sense surroundings 2, no regeneration
a: Heal Wounds, Minor Destruction, Renounce Religion, Evoke Flight


You were on level 8 of the Dungeon.
You worshipped Makhleb.
Makhleb was pleased with you.
You visited 2 branches of the dungeon, and saw 9 of its levels.
You also visited: Ossuary.

You collected 445 gold pieces.

Inventory:

Hand Weapons
 a - a +0 war axe (weapon)
Armour
 b - a +0 scale mail (worn)
 c - a +0 kite shield (worn)
 l - a +0 pair of gloves (worn)
 o - a +0 pair of boots (worn)
 w - a scarf of repulsion (worn)
 A - a +1 cloak
Jewellery
 n - an uncursed amulet of faith {unknown}
 y - a ring of flight (left hand)
 C - an uncursed amulet of regeneration {unknown}
 D - an uncursed ring of positive energy {unknown}
Wands
 r - a wand of enslavement (5)
 u - a wand of random effects (28)
 x - a wand of iceblast (9)
Scrolls
 f - 5 scrolls of identify
 h - a scroll of enchant armour {unknown}
 j - a scroll of enchant weapon {unknown}
 k - 5 scrolls of remove curse
 p - 2 scrolls of fog {unknown}
 q - 7 scrolls of teleportation {unknown}
 t - 2 scrolls of random uselessness {unknown}
 v - 2 scrolls of noise {unknown}
 B - a scroll of silence {unknown}
 E - a scroll of fear {unknown}
Potions
 d - 6 potions of might
 e - 3 potions of berserk rage
 g - 3 potions of curing {unknown}
 i - a potion of lignification {unknown}
 m - 2 potions of resistance {unknown}
 s - 2 potions of cancellation {unknown}
 z - 2 potions of haste {unknown}
 F - 2 potions of heal wounds {unknown}
 G - a potion of degeneration {unknown}
 H - a potion of flight {unknown}
 I - a potion of brilliance {unknown}


   Skills:
 + Level 7.1(5.4) Fighting
 + Level 8.1(6.4) Axes
 + Level 8.5(6.7) Armour
 + Level 8.5(6.7) Shields


You had 8 spell levels left.
You didn't know any spells.
Your spell library contained the following spells:

 Spells                   Type           Power        Failure   Level
 Freeze                   Ice            #...         95%         1
 Frozen Ramparts          Ice            #.....       100%        3
 Ozocubu's Armour         Ice            #.......     100%        3
 Hailstorm                Conj/Ice       #.......     100%        4
 Summon Ice Beast         Ice/Summ       #.......     100%        4


Dungeon Overview and Level Annotations

Branches:
Dungeon (8/15)             Temple (1/1) D:6         Ossuary (visited)
   Lair: D:8-11

Altars:
Ashenzari
Cheibriados
Dithmenos
Elyvilon
Fedhas
Gozag
Hepliaklqana
Kikubaaqudgha
Makhleb
Nemelex Xobeh
Okawaru
Qazlal
Ru
Sif Muna
Trog
Uskayaw
Vehumet
Wu Jian
Xom
Yredelemnul
Zin
The Shining One

Shops:
D:4 }   D:6 (

Annotations:
D:8 Psyche


Innate Abilities, Weirdness & Mutations

You are resistant to damage.
You can heal yourself by infusing magical energy.
You passively map the area around you.
You do not regenerate.


Message History

You block the troll's attack. The troll claws you!
* * * LOW HITPOINT WARNING * * *
You block the troll's attack. The wolf bites you but does no damage.
You block the orc's attack. Something hits you but does no damage.
You blink.
A wolf and an electric eel come into view.
You fail to use your ability.
The wolf howls!
The electric eel shoots out a bolt of lightning at you!
The bolt of electricity hits you!
* * * LOW HITPOINT WARNING * * *
The electric eel shoots out a bolt of lightning at you!
The bolt of electricity hits you!
* * * LOW HITPOINT WARNING * * *
You fail to use your ability.
The electric eel shoots out a bolt of lightning at you!
The bolt of electricity hits you.
* * * LOW HITPOINT WARNING * * *
The electric eel shoots out a bolt of lightning at you!
The bolt of electricity hits you!
You die...

, ...............###. ,
≈ ≈
......./........###.##
≈..≈.≈........##.##...#
≈ ≈
≈≈..≈≈≈.....##.......##*
≈
≈≈.≈.........#..##....#
≈ ≈≈≈
≈≈≈≈≈≈................#<
≈ ≈
.≈≈≈≈≈≈.............#.#
.;≈≈≈≈≈.............#..
≈
.......@...............
≈ ≈
.≈≈≈≈≈..hoh............,
,
≈≈≈≈.......T........#..
, ≈ ,
≈≈≈≈≈≈;..#.h........#
≈≈≈≈h≈≈.....#.))..#.....
≈≈
..≈≈≈.....###.)..#.....
≈ ........... #...##
...# , ,
...........##......,...
* ,,,,, ,..o..
,#.........#


You could see a troll, 2 wolves, 2 hounds, 2 electric eels and an orc.

Vanquished Creatures
  Maggie (D:7)
  Prince Ribbit (D:7)
  A hornet (D:8)
  An orc warrior (D:7)
  2 sky beasts
  A phantom (D:5)
  A wolf (D:8)
  A black bear (D:6)
  3 ogres
  An ice beast (D:5)
  A centaur (D:7)
  2 big kobolds
  2 bullfrogs
  3 water moccasin zombies (Ossuary)
  8 wights (D:7)
  A howler monkey (D:6)
  A quasit (D:8)
  A bullfrog zombie (D:7)
  An orc priest (D:3)
  Crazy Yiuf (D:6)
  5 hounds
  10 orc wizards
  An iguana (D:5)
  Ijyb (D:3)
  6 worker ants
  3 big kobold zombies (Ossuary)
  A hound zombie (D:6)
  2 mummies (Ossuary)
  A howler monkey zombie (D:5)
  A howler monkey skeleton (D:5)
  4 gnolls (D:6)
  9 adders
  9 river rats (D:5)
  2 shadow imps
  3 white imps
  7 ufetubi
  An ooze (D:1)
  10 adder zombies
  An adder skeleton (D:8)
  9 leopard geckos
  36 orcs
  A ball python (D:1)
  5 giant cockroaches
  A gnoll zombie (Ossuary)
  13 goblins
  19 hobgoblins
  11 jackals
  9 quokkas
  9 bats
  4 frilled lizards
  7 hobgoblin zombies (Ossuary)
  15 kobolds
  4 kobold zombies (Ossuary)
  A leopard gecko skeleton (D:4)
  An orc zombie (Ossuary)
  24 rats
280 creatures vanquished.

Notes
Turn   | Place    | Note
-------+----------+-------------------------------------------
     0 | D:1      | Superazbuka the Deep Dwarf Fighter began the quest for the
                  | Orb.
     0 | D:1      | Reached XP level 1. HP: 20/20 MP: 1/1
   135 | D:1      | Reached XP level 2. HP: 18/27 MP: 2/2
   265 | D:1      | Reached XP level 3. HP: 23/34 MP: 3/3
  1099 | D:2      | Reached XP level 4. HP: 20/42 MP: 4/4
  1333 | D:2      | Found a stormy altar of Qazlal.
  1338 | D:2      | Found a shimmering blue altar of Sif Muna.
  1341 | D:2      | Found a hazy altar of Hepliaklqana.
  1757 | D:3      | Noticed Ijyb
  1800 | D:3      | Killed Ijyb
  1800 | D:3      | Reached XP level 5. HP: 34/49 MP: 4/4
  2341 | D:4      | Reached XP level 6. HP: 44/57 MP: 5/5
  2650 | D:4      | Found Tasch's Gadget Emporium.
  2862 | D:5      | Entered Level 5 of the Dungeon
  2897 | D:5      | Reached skill level 5 in Armour
  2897 | D:5      | Reached skill level 5 in Shields
  2956 | D:5      | Noticed a sky beast
  2987 | D:5      | Killed a sky beast
  2987 | D:5      | Reached XP level 7. HP: 58/66 MP: 6/6
  3139 | D:5      | Reached skill level 5 in Axes
  3314 | D:5      | Found a basalt altar of Yredelemnul.
  3370 | D:5      | HP: 2/66 [ice beast (9)]
  3396 | D:5      | Reached skill level 5 in Fighting
  3404 | D:5      | Reached XP level 8. HP: 50/74 MP: 6/6
  3859 | D:6      | Found Wyot's Weapon Shop.
  4081 | D:6      | Found a staircase to the Ecumenical Temple.
  4106 | Temple   | Entered the Ecumenical Temple
  4200 | Temple   | Became a worshipper of Makhleb the Destroyer
  4309 | D:6      | Found a runed translucent door.
  4310 | D:6      | Noticed Crazy Yiuf
  4450 | D:6      | Killed Crazy Yiuf
  4853 | D:7      | Gained mutation: You passively map the area around you.
                  | [Deep Dwarf growth]
  4853 | D:7      | Reached XP level 9. HP: 30/82 MP: 6/6
  4890 | D:7      | Reached * piety under Makhleb
  4904 | D:7      | Found a shadowy altar of Dithmenos.
  4964 | D:7      | Noticed Prince Ribbit
  4983 | D:7      | Killed Prince Ribbit
  5021 | D:7      | Found a stormy altar of Qazlal.
  5220 | D:7      | Found a sand-covered staircase.
  5225 | Ossuary  | Entered an ossuary
  5267 | Ossuary  | Reached ** piety under Makhleb
  5487 | D:7      | Found an opulent altar of Gozag.
  5489 | D:7      | Found a bloodstained altar of Trog.
  5545 | D:7      | Noticed Maggie
  5575 | D:7      | Killed Maggie
  5703 | D:8      | Paralysed by a hornet for 2 turns
  5706 | D:8      | Paralysed by a hornet for 2 turns
  5714 | D:8      | Paralysed by a hornet for 3 turns
  5732 | D:8      | Paralysed by a hornet for 1 turns
  5788 | D:8      | Noticed a cyclops
  5829 | D:8      | Noticed a troll
  5835 | D:8      | Noticed Psyche
  5850 | D:8      | HP: 4/86 [electric eel/bolt of electricity (7)]
  5851 | D:8      | Killed from afar by an electric eel

Illustrated notes

Levels and vault maps discovered:
D:1:      lightli_arrival_noodles, layout_loops_corners
D:2:      layout_basic, minmay_overflow_temple_star_quad
D:3:      layout_loops_cross, uniq_ijyb
D:4:      layout_rooms, serial_shops, nicolae_shop_behind_doors,
          minmay_goblin_kobold_house
D:5:      lemuel_ratsnest, layout_basic, yredelemnul_altar_generic
D:6:      layout_basic, minmay_temple_entry_crystal_x, serial_shops, shop,
          uniq_crazy_yiuf_cottage
D:7:      layout_rooms, chequers_temple_overflow_statue_of_worship,
          enter_ossuary_2, basic_altar, grunt_dithmenos_smoke_and_mirrors,
          uniq_maggie, uniq_prince_ribbit1
D:8:      layout_cave_pools, erik_lair_island, serial_column_ruins,
          column_ruins_grid_2, column_ruins_open_tiny,
          column_ruins_columns_straight, column_ruins_open_tiny,
          column_ruins_open_small_water, column_ruins_columns_straight,
          column_ruins_corridor_dead_end, kb_rosetta, uniq_psyche
Temple:   nicolae_temple_elliptical

Skill      XL: |  1  2  3  4  5  6  7  8  9 |
---------------+----------------------------+-----
Fighting       | 3 4 5 6 7 |  7.1
Axes           | 3 4 5 6 8 |  8.1
Armour         | 4 5 6 7 8 |  8.5
Shields        | 4 5 6 7 8 |  8.5

Action                   |  1- 3 |  4- 6 |  7- 9 || total
-------------------------+-------+-------+-------++-------
Melee: War axe           |   128 |   219 |   759 ||  1106
 Abil: Heal Wounds       |       |     4 |    35 ||    39
  Use: Scroll            |       |       |     2 ||     2
Armor: Scale mail        |    59 |   152 |   374 ||   585
Dodge: Dodged            |    51 |    76 |   292 ||   419
       Repelled          |       |       |     4 ||     4
Block: Kite shield       |    68 |   133 |   511 ||   712

Table legend: (Time is in decaauts)
 A = Elapsed time spent in this place.
 B = Non-inter-level travel time spent in this place.
 C = Inter-level travel time spent in this place.
 D = Time resting spent in this place.
 E = Time spent auto-exploring this place.
 F = Levels seen in this place.
 G = Mean time per level.
                   A        B        C        D        E       F      G
               +--------+--------+--------+--------+--------+-----+--------+
         Total |   6256 |   5967 |    289 |    115 |   3515 |  10 |  625.6 |
       Dungeon |   5828 |   5539 |    289 |    115 |   3376 |   8 |  728.5 |
        Temple |    136 |    136 |      0 |      0 |    119 |   1 |  136.0 |
       Ossuary |    291 |    291 |      0 |      0 |     20 |   1 |  291.0 |
               +--------+--------+--------+--------+--------+-----+--------+

Top non-repeatable levels by time:
     D:5: 1009 daAuts
     D:1: 899 daAuts
     D:3: 859 daAuts
     D:6: 858 daAuts
     D:2: 803 daAuts
     D:7: 740 daAuts
     D:4: 427 daAuts
 Ossuary: 291 daAuts
     D:8: 228 daAuts
  Temple: 136 daAuts
